 Seeded DCSS version 0.30-a0-930-gb9d0489357 (webtiles) character file.

Game seed: 3125986916090331668 (custom seed)

2 Parcival the Shield-Bearer (level 1, 18/18 HPs)
             Began as a Human Fighter on Mar 23, 2023.
             Quit the game on level 1 of the Dungeon.
             The game lasted 00:00:15 (168 turns).

Parcival the Shield-Bearer (Human Fighter)           Turns: 168, Time: 00:00:16

Health: 18/18      AC:  6    Str: 16    XL:     1   Next: 44%
Magic:  1/1        EV:  8    Int:  8    God:
Gold:   40         SH:  4    Dex: 12    Spells: 0/0 levels left

rFire   . . .      SeeInvis .    a - +0 long sword
rCold   . . .      Faith    .    c - +0 buckler
rNeg    . . .      Spirit   .    b - +0 scale mail
rPois   .          Reflect  .    (no helmet)
rElec   .          Rampage  .    (no cloak)
rCorr   .                        (no gloves)
Will    .....                    (no boots) Stlth
                                 (no amulet)
HPRegen 0.23/turn                (no ring)
MPRegen 0.07/turn                (no ring)

@: no status effects
A: no striking features
a: no special abilities


You were on level 1 of the Dungeon.
You visited 1 branch of the dungeon, and saw 1 of its levels.

You collected 40 gold pieces.

Inventory:

Hand Weapons
 a - a +0 long sword (weapon)
Armour
 b - a +0 scale mail (worn)
 c - a +0 buckler (worn)
Potions
 d - a potion of might
 e - a potion of mutation {unknown}


   Skills:
 + Level 3.0 Fighting
 + Level 2.0 Long Blades
 + Level 3.0 Armour
 + Level 3.0 Shields


You couldn't memorise any spells.
You didn't know any spells.
Your spell library was empty.

Dungeon Overview and Level Annotations

Branches:
Dungeon (1/15)

Altars:


Message History

A kobold is nearby!
The kobold barely misses you.
You closely miss the kobold. You block the kobold's attack.
You barely miss the kobold. The kobold hits you but does no damage.
You slash the kobold!
You kill the kobold!
Things that are here:
a +0 short sword; a kobold corpse
Found a stone staircase leading down.
You now have 24 gold pieces (gained 8).
You now have 29 gold pieces (gained 5).
Found 6 stones.
You see here 6 stones.
You now have 40 gold pieces (gained 11).
A ball python comes into view.
The ball python hisses angrily.
A ball python is nearby!
A ball python is nearby!
The ball python barely misses you. The ball python grabs you.
The ball python constricts you.
You hit the ball python.
You kill the ball python!
You see here a ball python corpse.
A rat comes into view.
Found 6 poisoned darts.
You see here a scroll labelled VEMAXU REIX.
A rat is nearby!
The rat bites you.
You hit the rat.
You kill the rat!
Found a ruby potion.
You see here a rat corpse.
e - a ruby potion You see here a rat corpse.
f - a scroll labelled VEMAXU REIX
As you read the scroll labelled VEMAXU REIX, it crumbles to dust.
You hear a loud clanging noise!
It was a scroll of noise.
You aren't carrying any scrolls.
Are you sure you want to abandon this character and quit the game? (Confirm with "yes".)

...........####.#
...........#
...........#
...........#
..#.....#######.#
#####.........#
.........######
######.#.#
....#.#@#
....#.#.####
#...........#
#............#
#........†...#
#............#
#...(.......#
#...........#
#...........#


There were no monsters in sight!

Vanquished Creatures
  A kobold (D:1)
  A ball python (D:1)
  A rat (D:1)
3 creatures vanquished.

Notes
Turn   | Place    | Note
-------+----------+-------------------------------------------
     0 | D:1      | Parcival the Human Fighter began the quest for the Orb.
     0 | D:1      | Reached XP level 1. HP: 18/18 MP: 1/1
   168 | D:1      | Quit the game

Illustrated notes

Levels and vault maps discovered:
D:1:      nzn_arrival_depleted_hourglass, layout_basic,
          dreamdust_ecumenical_altar_hidden_monk_grotto

Action                     || total
---------------------------++-------
  Melee: Long sword        ||     5
    Use: Scroll            ||     1
 Armour: Scale mail        ||     1
  Dodge: Dodged            ||     2
  Block: Buckler           ||     1

Table legend: (Time is in decaauts)
 A = Elapsed time spent in this place.
 B = Non-inter-level travel time spent in this place.
 C = Inter-level travel time spent in this place.
 D = Time resting spent in this place.
 E = Time spent auto-exploring this place.
 F = Levels seen in this place.
 G = Mean time per level.
                   A        B        C        D        E       F      G
               +--------+--------+--------+--------+--------+-----+--------+
         Total |    169 |    169 |      0 |      0 |    129 |   1 |  169.0 |
       Dungeon |    169 |    169 |      0 |      0 |    129 |   1 |  169.0 |
               +--------+--------+--------+--------+--------+-----+--------+

Top non-repeatable levels by time:
     D:1: 169 daAuts
